 Dungeon Crawl Stone Soup version 0.31-a0-618-g7ca08c1ff9 (webtiles) character file.

Game seed: 8986499616004197377

45663 Dittersdorf the Fighter (level 14, -1/95 HPs)
             Began as a Gargoyle Fighter on Aug 22, 2023.
             Was the Champion of Okawaru.
             Slain by a manticore (4 damage)
             ... on level 5 of the Lair of Beasts.
             The game lasted 00:27:44 (18142 turns).

Dittersdorf the Fighter (Gargoyle Fighter)         Turns: 18142, Time: 00:27:44

Health: -1/95      AC: 37    Str: 28    XL:     14   Next: 34%
Magic:  0/14       EV:  6    Int: 12    God:    Okawaru [******]
Gold:   1236       SH:  7    Dex: 12    Spells: 13/13 levels left

rFire   . . .        w - +1 demon whip (venom)
rCold   . . .        c - +0 buckler
rNeg    + . .        l - +0 crystal plate armour of Hairy Knowledge {+Inv rCorr Int+3 Dex+3}
rPois   ∞            (no helmet)
rElec   +            b - +0 cloak {rCorr}
rCorr   +            u - +1 pair of gloves {Str+3}
SInv    .            (no boots)
Will    +++..        f - amulet of guardian spirit
Stlth   x              - ring of willpower
HPRegen 0.35/turn    v - ring of willpower
MPRegen 0.14/turn

%: guardian spirit
@: flying
A: sickness immunity, AC +10, big wings, negative energy resistance 1,
electricity resistance, torment resistance 1, petrification resistance
a: Renounce Religion, Evoke Invisibility, Heroism, Finesse, Duel


You were on level 5 of the Lair of Beasts.
You worshipped Okawaru.
Okawaru was exalted by your worship.
You visited 3 branches of the dungeon, and saw 16 of its levels.
You also visited: Ossuary.

You collected 1291 gold pieces.
You spent 55 gold pieces at shops.

Inventory:

Hand Weapons
 w - a +1 demon whip of venom (weapon)
 z - a +2 morningstar
Missiles
 A - a throwing net
 G - 2 curare-tipped darts
Armour
 b - a +0 cloak of preservation (worn)
 c - a +0 buckler (worn)
 l - the +0 crystal plate armour of Hairy Knowledge (worn) {+Inv rCorr Int+3 Dex+3}
   (Okawaru gifted it to you on level 3 of the Lair of Beasts)

   Int+3:     It affects your intelligence (+3).
   Dex+3:     It affects your dexterity (+3).
   +Inv:      It lets you turn invisible.
   rCorr:     It protects you from acid and corrosion.
 u - a +1 pair of gloves of strength (worn)
 F - a +0 crystal plate armour
Jewellery
 f - an amulet of guardian spirit (around neck)
 v - a ring of willpower (right hand)
 x - a ring of willpower (left hand)
 y - a ring of fire
Wands
 a - a wand of iceblast (18)
 k - a wand of flame (20)
Scrolls
 e - 7 scrolls of fog
 g - 9 scrolls of teleportation
 i - 2 scrolls of silence
 m - 2 scrolls of enchant armour
 s - 2 scrolls of blinking
 C - a scroll of enchant weapon
Potions
 d - 2 potions of haste
 h - a potion of might
 j - 2 potions of resistance
 n - 6 potions of curing
 o - 3 potions of enlightenment
 p - 2 potions of brilliance
 q - 4 potions of heal wounds
 r - a potion of cancellation
 t - 2 potions of invisibility
 B - 2 potions of ambrosia
 D - a potion of magic


   Skills:
 + Level 13.9 Fighting
 + Level 12.6 Maces & Flails
 + Level 13.9 Armour
 + Level 13.9 Shields


You had 13 spell levels left.
You didn't know any spells.
Your spell library contained the following spells:

 Spells                   Type           Power      Damage    Failure   Level
 Necrotise                Necr           0%         1d4       100%        1
 Slow                     Hex            0%         N/A       100%        1
 Confusing Touch          Hex            0%         N/A       100%        3
 Stone Arrow              Conj/Erth      0%         3d7       100%        3
 Vampiric Draining        Necr           0%         2d6       100%        3
 Agony                    Necr           0%         N/A       100%        5
 Lehudib's Crystal Spear  Conj/Erth      0%         10d2      100%        8
 Animate Armour           Summ/Erth      Unusable   N/A       N/A         4

Dungeon Overview and Level Annotations

Branches:
Dungeon (10/15)            Temple (1/1) D:7            Lair (5/5) D:9
  Swamp (0/4) Lair:2        Snake (0/4) Lair:3        Slime (0/5) Lair:4
    Orc (0/2) D:10        Ossuary (visited)

Altars:
Ashenzari
Cheibriados
Dithmenos
Elyvilon
Fedhas
Gozag
Hepliaklqana
Kikubaaqudgha
Makhleb
Nemelex Xobeh
Okawaru
Qazlal
Ru
Sif Muna
Trog
Uskayaw
Vehumet
Wu Jian
Xom
Yredelemnul
Zin
The Shining One
Jiyva

Shops:
D:3 !   D:4 :   D:9 =

Annotations:
Temple 2 transporters


Innate Abilities, Weirdness & Mutations

You are immune to sickness and miasma.
Your stone body is resilient. (AC +10)
You are immune to poison.
Your large and strong wings let you fly.
You resist negative energy. (rN+)
You are resistant to electric shocks. (rElec)
You are resistant to unholy torment.
You are immune to petrification.


Message History

The manticore flicks its tail.
The volley of spikes hits you but does no damage.
You block the manticore's attack.
The manticore claws you but does no damage. x2
You barely miss the manticore. You block the manticore's attack.
The manticore claws you but does no damage. x2
You thrash the manticore!!
The manticore is poisoned.
The manticore is heavily wounded.
You barely miss the manticore.
The manticore is heavily wounded.
The manticore barely misses you.
The manticore claws you but does no damage.
The manticore barely misses you.
You barely miss the manticore.
The manticore is heavily wounded.
You closely miss the manticore.
The manticore is heavily wounded.
You block the manticore's attack.
The manticore claws you but does no damage. x2
You barely miss the manticore.
The manticore is heavily wounded.
You hit the manticore.
The manticore is heavily wounded.
The manticore bites you but does no damage.
You block the manticore's attack. The manticore barely misses you.
You hit the manticore but do no damage.
The manticore is heavily wounded.
You closely miss the manticore.
The manticore is heavily wounded.
The manticore bites you.
* * * LOW HITPOINT WARNING * * *
You block the manticore's attack. The manticore claws you!
* * * LOW HITPOINT WARNING * * *
You whack the manticore!
The manticore looks as sick as possible!
The manticore is severely wounded.
You hit the manticore but do no damage.
The manticore is severely wounded.
The manticore bites you.
You die...

#####......### #####
##.Y...P# #P..P##
##...###P.# ..8....
##..Y####### ...8...
#..Y###[###
###.8....8
#.†##.÷††.##
#.Y.YY8Y8Y
##..†..=#...###
##..##.....
#......##.....###..##
Y..
##....####..@H....##
# ##.### ##.###...##
### ##..# ##...#
#######..## #...##
#..##...## ##..###
##......### ##...##
#....##...###
###..###
##...####...##
##....# #....#
##...###.....#


You could see a manticore (extremely poisoned).

Vanquished Creatures
  Kirke (Lair:4)
  Snorg (Lair:5)
  A ghost crab (Lair:2)
  Erica (D:7)
  2 catoblepae (Lair:5)
  A boulder beetle (Lair:2)
  17 death yaks
  2 skysharks (Lair:4)
  Amaemon (D:10)
  A manticore (Lair:5)
  A black mamba (Lair:5)
  A salamander (Lair:3)
  10 elephants
  A cyclops (D:8)
  Maurice (D:7)
  2 centaur zombies (D:10)
  An orange demon (D:10)
  14 cane toads
  Maggie (D:7)
  Jeremiah (D:8)
  6 komodo dragons
  A rime drake (Lair:1)
  2 hornets
  A meliai zombie (D:10)
  14 blink frogs
  Sigmund (D:3)
  A shadow (D:10)
  4 wyverns
  2 wraiths (D:10)
  3 hogs (Lair:4)
  32 yaks
  3 vampire mosquitoes (D:10)
  2 basilisks (Lair:4)
  A steam dragon (D:5)
  2 nagas (Lair:3)
  15 water moccasins
  A spectral yak (Lair:2)
  A spectral cane toad (Lair:2)
  2 ice beasts
  5 orc warriors
  A spectral blink frog (Lair:2)
  An ogre (D:6)
  2 sky beasts
  2 black bears
  2 centaurs
  9 wolves
  A phantom (D:6)
  A kobold brigand (D:9)
  A spectral basilisk (Lair:2)
  A spectral water moccasin (Lair:2)
  13 bullfrogs
  2 necrophages (D:10)
  A scorpion (D:4)
  11 wights
  3 killer bees (D:9)
  6 howler monkeys
  2 electric eels (D:10)
  A human zombie (D:10)
  7 orc priests
  A hound (D:5)
  An iguana (D:3)
  9 orc wizards
  11 mummies
  2 howler monkey zombies (D:10)
  11 gnolls
  4 adders
  A white imp (D:7)
  An ufetubus (D:4)
  2 worms
  38 orcs
  5 bats
  6 endoplasms
  3 gnoll zombies (Ossuary)
  6 hobgoblins
  9 kobolds
  13 ball pythons
  3 frilled lizards
  8 goblins
  2 hobgoblin zombies (Ossuary)
  A kobold zombie (Ossuary)
  2 orc zombies (Ossuary)
  9 rats
375 creatures vanquished.

Notes
Turn   | Place    | Note
-------+----------+-------------------------------------------
     0 | D:1      | Dittersdorf the Gargoyle Fighter began the quest for the
                  | Orb.
     0 | D:1      | Reached XP level 1. HP: 14/14 MP: 1/1
    83 | D:1      | Reached XP level 2. HP: 9/19 MP: 2/2
   561 | D:1      | Reached XP level 3. HP: 23/23 MP: 3/3
  1002 | D:2      | Reached XP level 4. HP: 29/29 MP: 4/4
  1760 | D:3      | Found Udduto's Distillery.
  1795 | D:3      | Bought a potion of heal wounds for 55 gold pieces
  1927 | D:3      | Reached XP level 5. HP: 26/33 MP: 5/5
  2252 | D:3      | Noticed Sigmund
  2260 | D:3      | Killed Sigmund
  2261 | D:3      | Reached XP level 6. HP: 37/40 MP: 6/6
  2449 | D:3      | You fall into a shaft and drop 2 floors!
  2449 | D:5      | Entered Level 5 of the Dungeon
  2514 | D:5      | Reached skill level 5 in Fighting
  2514 | D:5      | Reached skill level 5 in Armour
  2514 | D:5      | Reached skill level 5 in Shields
  2514 | D:5      | Reached XP level 7. HP: 40/44 MP: 7/7
  2586 | D:5      | Noticed a steam dragon
  2597 | D:5      | Killed a steam dragon
  2611 | D:5      | Found a sand-covered staircase.
  2621 | Ossuary  | Entered an ossuary
  3824 | D:4      | Found Toacwaec's Self-Improvement Boutique.
  4781 | D:4      | Reached XP level 8. HP: 47/51 MP: 6/8
  5278 | D:5      | Reached skill level 5 in Maces & Flails
  5598 | D:6      | Found a shimmering blue altar of Sif Muna.
  6573 | D:7      | Noticed a hornet
  6600 | D:6      | Killed a hornet
  6601 | D:6      | Reached XP level 9. HP: 6/57 MP: 1/9
  6958 | D:7      | Noticed Maggie
  6980 | D:7      | Killed Maggie
  7278 | D:7      | Found a staircase to the Ecumenical Temple.
  7287 | Temple   | Found a transporter.
  7287 | Temple   | Found a transporter.
  7287 | Temple   | Found a transporter.
  7287 | Temple   | Found a transporter.
  7287 | Temple   | Entered the Ecumenical Temple
  7304 | Temple   | Became a worshipper of Warmaster Okawaru
  7839 | D:8      | Noticed Jeremiah
  7839 | D:8      | Noticed a hornet
  8066 | D:8      | Noticed Maurice
  8249 | D:8      | Noticed Erica
  8272 | D:7      | Killed Erica
  8272 | D:7      | Reached * piety under Okawaru
  8273 | D:7      | Reached XP level 10. HP: 56/64 MP: 7/10
  8635 | D:7      | Killed Maurice
  8635 | D:7      | Reached ** piety under Okawaru
  8915 | D:8      | Killed Jeremiah
  9243 | D:8      | Noticed a cyclops
  9290 | D:8      | Killed a cyclops
 10085 | D:8      | Reached *** piety under Okawaru
 10475 | D:9      | Found a staircase to the Lair.
 10502 | D:9      | Found Qiusaa's Jewellery Shoppe.
 10509 | D:9      | Found a white marble altar of Elyvilon.
 10862 | D:10     | Entered Level 10 of the Dungeon
 10885 | D:10     | Noticed an orange demon
 10899 | D:10     | Killed an orange demon
 10899 | D:10     | Reached **** piety under Okawaru
 10907 | D:10     | Reached XP level 11. HP: 61/71 MP: 9/11
 10947 | D:10     | Noticed Amaemon
 10972 | D:10     | Killed Amaemon
 11061 | D:10     | Found a stormy altar of Qazlal.
 11179 | D:10     | Reached ***** piety under Okawaru
 11180 | D:10     | Reached skill level 10 in Fighting
 11197 | D:10     | Reached skill level 10 in Armour
 11197 | D:10     | Reached skill level 10 in Shields
 11317 | D:10     | Found an ornate altar of the Wu Jian Council.
 11720 | D:10     | Found a snail-covered altar of Cheibriados.
 11747 | D:10     | Found a sacrificial altar of Ru.
 11991 | D:10     | Found a basalt altar of Yredelemnul.
 12242 | D:10     | Found a staircase to the Orcish Mines.
 12456 | Lair:1   | Entered Level 1 of the Lair of Beasts
 12835 | Lair:1   | Reached ****** piety under Okawaru
 12956 | Lair:1   | Reached XP level 12. HP: 78/80 MP: 12/12
 13500 | Lair:1   | Reached skill level 10 in Maces & Flails
 13757 | Lair:2   | Identified the -2 pair of gloves of Failure {Contam Rampage
                  | rCorr Dex+5} (Okawaru gifted it to you on level 2 of the
                  | Lair of Beasts)
 13757 | Lair:2   | Received a gift from Okawaru
 14406 | Lair:2   | Noticed a boulder beetle
 14416 | Lair:2   | Killed a boulder beetle
 14603 | Lair:2   | Found a staircase to the Swamp.
 14603 | Lair:2   | Noticed a ghost crab
 14620 | Lair:2   | Killed a ghost crab
 14912 | Lair:3   | Found a staircase to the Snake Pit.
 15151 | Lair:3   | Reached XP level 13. HP: 86/86 MP: 13/13
 15822 | Lair:3   | Identified the +0 crystal plate armour of Hairy Knowledge
                  | {+Inv rCorr Int+3 Dex+3} (Okawaru gifted it to you on level
                  | 3 of the Lair of Beasts)
 15822 | Lair:3   | Received a gift from Okawaru
 16139 | Lair:4   | Found a viscous altar of Jiyva.
 16139 | Lair:4   | Found a staircase to the Slime Pits.
 16575 | Lair:5   | Entered Level 5 of the Lair of Beasts
 16974 | Lair:5   | Noticed Snorg
 16992 | Lair:5   | Killed Snorg
 17226 | Lair:5   | Noticed Kirke
 17292 | Lair:4   | Killed Kirke
 17292 | Lair:4   | Received a gift from Okawaru
 17737 | Lair:5   | Gained mutation: Your large and strong wings let you fly.
                  | [Gargoyle growth]
 17737 | Lair:5   | Reached XP level 14. HP: 53/94 MP: 8/14
 18118 | Lair:5   | Identified the +4 ring mail of Poor Excuses {rC+++ Int+4
                  | Dex-2} (Okawaru gifted it to you on level 5 of the Lair of
                  | Beasts)
 18118 | Lair:5   | Received a gift from Okawaru
 18140 | Lair:5   | HP: 3/95 [manticore (6)]
 18142 | Lair:5   | Slain by a manticore

Illustrated notes

Levels and vault maps discovered:
D:1:      psy_arrival_radial01, layout_rooms
D:2:      layout_basic
D:3:      layout_loops_cross, serial_shops, shop, uniq_sigmund
D:4:      layout_basic, nicolae_shop_self_help
D:5:      layout_basic, enter_ossuary_1
D:6:      layout_basic, mainiacjoe_overflow_boulevard
D:7:      layout_layer_cave, minmay_temple_entry_arrows,
          nicolae_twisty_statue_hallways, uniq_maggie
D:8:      layout_rooms, amcnicky_mini_rare_corridor_liquid, uniq_maurice,
          uniq_jeremiah, uniq_erica
D:9:      layout_loops_cross, amcnicky_altar_gilded, lair_entry_dummy,
          serial_shops, shop, nicolae_underground_beach
D:10:     layout_basic, nicolae_qazlal_eye_of_the_storm,
          nicolae_overflow_squiral, mainiacjoe_overflow_24_doors,
          lemuel_mausoleum_altar_yredelemnul, hiddenorc1_lemuel, uniq_amaemon
Temple:   hellmonk_temple_divided_pantheon
Lair:1:   layout_loops_ring, beast_lair_carwin_2
Lair:2:   layout_hall_layers, nicolae_swamp_entry_spooky,
          nicolae_lair_grove_arrangements, nzn_sisyphean_effort
Lair:3:   layout_regular_city, alex1729_snake_entry_snake
Lair:4:   layout_cave_shapes, slime_entry_1, serial_bayou_shore_b,
          grunt_megastairs_5, lemuel_fruit_fields
Lair:5:   evilmike_catoblepas_cave, layout_cave_shapes, uniq_kirke, uniq_snorg

Skill      XL: |  1  2  3  4  5  6  7  8  9 10 11 12 13 |
---------------+----------------------------------------+-----
Shields        | 4 5 7 8 9 10 12 13 | 13.9
Fighting       | 4 5 7 8 9 11 12 13 | 13.9
Armour         | 4 5 7 8 9 10 12 13 | 13.9
Maces & Flails | 3 4 6 7 8 9 11 12 | 12.6

Action                     |  1- 3 |  4- 6 |  7- 9 | 10-12 | 13-15 || total
---------------------------+-------+-------+-------+-------+-------++-------
  Melee: Flail             |   142 |   119 |   240 |       |       ||   501
         Morningstar       |       |       |   117 |   300 |       ||   417
         Demon whip        |       |       |       |   682 |   623 ||  1305
  Throw: Dart              |       |       |       |       |     3 ||     3
 Invoke: Heroism           |       |       |       |       |     2 ||     2
    Use: Scroll            |       |     4 |    15 |     6 |     2 ||    27
         Potion            |       |       |     2 |       |       ||     2
 Armour: Scale mail        |    87 |    39 |    58 |       |       ||   184
         Plate armour      |       |       |   106 |   458 |    34 ||   598
         Crystal plate arm |       |       |       |       |   344 ||   344
  Dodge: Dodged            |    82 |   118 |   218 |   406 |   118 ||   942
  Block: Buckler           |    44 |    28 |    86 |   192 |   157 ||   507

Table legend: (Time is in decaauts)
 A = Elapsed time spent in this place.
 B = Non-inter-level travel time spent in this place.
 C = Inter-level travel time spent in this place.
 D = Time resting spent in this place.
 E = Time spent auto-exploring this place.
 F = Levels seen in this place.
 G = Mean time per level.
                   A        B        C        D        E       F      G
               +--------+--------+--------+--------+--------+-----+--------+
         Total |  17833 |  17252 |    581 |   3418 |  10088 |  17 | 1049.0 |
       Dungeon |  11436 |  10969 |    467 |   1690 |   6778 |  10 | 1143.6 |
        Temple |     31 |      5 |     26 |      0 |      0 |   1 |   31.0 |
          Lair |   5230 |   5143 |     87 |    917 |   3137 |   5 | 1046.0 |
       Ossuary |   1135 |   1135 |      0 |    811 |    173 |   1 | 1135.0 |
               +--------+--------+--------+--------+--------+-----+--------+

Top non-repeatable levels by time:
     D:7: 1995 daAuts
    D:10: 1515 daAuts
     D:8: 1373 daAuts
     D:6: 1326 daAuts
  Lair:1: 1155 daAuts
 Ossuary: 1135 daAuts
  Lair:4: 1104 daAuts
     D:4: 1057 daAuts
  Lair:2: 1053 daAuts
  Lair:3: 1030 daAuts
     D:2: 905 daAuts
  Lair:5: 886 daAuts
     D:3: 868 daAuts
     D:1: 808 daAuts
     D:5: 798 daAuts
